 Dungeon Crawl Stone Soup version 0.28-a0-1152-g9c71ebef14 (webtiles) character file.

Game seed: 8670142862828114058

80 lonewolfV2 the Slasher (level 4, -4/33 HPs)
             Began as a Demonspawn Gladiator on Dec 14, 2021.
             Slain by Sigmund (12 damage)
             ... on level 2 of the Dungeon.
             The game lasted 00:01:14 (1606 turns).

lonewolfV2 the Slasher (Demonspawn Gladiator)       Turns: 1606, Time: 00:01:14

Health: -4/33      AC:  4    Str: 15    XL:     4   Next: 18%
Magic:  4/4        EV: 13    Int:  9    God:
Gold:   53         SH:  0    Dex: 16    Spells: 3/3 levels left

rFire   . . .      SeeInvis .   a - +0 long sword
rCold   . . .      Faith    .   (no shield)
rNeg    . . .      Spirit   .   b - +0 leather armour
rPois   .          Reflect  .   c - +0 helmet
rElec   .          Harm     .   (no cloak)
rCorr   .          Rampage  .   (no gloves)
Will    .....                   (no boots)
Stlth   +.........              (no amulet)
HPRegen 0.11/turn               (no ring)
MPRegen 0.09/turn               (no ring)

@: mighty
A: claws 1, hooves 1, powered by pain 1
a: no special abilities


You were on level 2 of the Dungeon.
You visited 1 branch of the dungeon, and saw 2 of its levels.

You collected 53 gold pieces.

Inventory:

Hand Weapons
 a - a +0 long sword (weapon)
Missiles
 d - 3 throwing nets (quivered)
Armour
 b - a +0 leather armour (worn)
 c - a +0 helmet (worn)
Scrolls
 f - 2 scrolls of immolation {unknown}
Potions
 e - a potion of heal wounds {unknown}


   Skills:
 + Level 2.2 Fighting
 + Level 3.5 Long Blades
 + Level 1.8 Throwing
 + Level 1.2 Armour
 + Level 3.4 Dodging
 + Level 0.1 Stealth


You had 3 spell levels left.
You didn't know any spells.
Your spell library was empty.

Dungeon Overview and Level Annotations

Branches:
Dungeon (2/15)

Altars:

Annotations:
D:2 Sigmund, Terence


Innate Abilities, Weirdness & Mutations

You have sharp fingernails.
You have large cloven feet.
You sometimes gain a little power by taking damage.


Message History

The endoplasm hits you but does no damage.
You hit the endoplasm.
You kick the endoplasm, but do no damage.
The endoplasm is lightly wounded.
The endoplasm hits you but does no damage.
The endoplasm closely misses you.
You hit the endoplasm.
The endoplasm is almost dead.
The endoplasm closely misses you.
You slash the endoplasm!
You kill the endoplasm!
You now have 53 gold pieces (gained 5).
You open the door.
Found an escape hatch in the floor.
Found a helmet.
You see here a +0 helmet.
You open the door.
Sigmund the Dreaded comes into view.
He is wielding a +0 scythe.
Sigmund shouts!
You hear a shout!
Found 2 black potions.
Found 8 gold pieces.
A bat comes into view.
Sigmund misses you.
The bat moves out of view.
There is an open door here.
Sigmund mumbles some strange words.
Sigmund flickers and vanishes!
Deactivating autopickup; reactivate with Ctrl-A.
Something tries to affect you, but you resist.
Terence the Incautious comes into view.
He is wielding a +0 hand axe.
Something completely misses you.
You slash something! You kick something. Something hits you.
Something hits you!
You hit something. You kick something. You miss something. You kick something.
Something hits you!
* * * LOW HITPOINT WARNING * * *
You focus on the pain.
You feel very mighty all of a sudden.
You miss something. Your kick misses something. Something hits you!
You die...

####### ....... ..!....
....... ..b....
.......#############
.......b@.@.[......#
$......###########.#
....... #.# ....... #.#
....... #.# #.# #######
#.# #.# ###### #.# #.#
########....####.# #.#
######.............##.#
#.#


You could see Terence and a bat.

Vanquished Creatures
  A hound (D:2)
  Natasha (D:2)
  2 dart slugs
  3 endoplasms
  4 goblins
  2 hobgoblins (D:1)
  A quokka (D:1)
  2 ball pythons (D:1)
  3 frilled lizards
  3 kobolds (D:1)
  A rat (D:1)
23 creatures vanquished.

Notes
Turn   | Place    | Note
-------+----------+-------------------------------------------
     0 | D:1      | lonewolfV2 the Demonspawn Gladiator began the quest for the
                  | Orb.
     0 | D:1      | Reached XP level 1. HP: 16/16 MP: 1/1
   377 | D:1      | Discovered your monstrous ancestry.
   377 | D:1      | Gained mutation: You have sharp fingernails. [demonic
                  | ancestry]
   377 | D:1      | Reached XP level 2. HP: 22/22 MP: 2/2
   610 | D:1      | Found a faded altar of an unknown god.
  1210 | D:2      | Noticed Natasha
  1225 | D:2      | Killed Natasha
  1226 | D:2      | Gained mutation: You sometimes gain a little power by
                  | taking damage. [demonic ancestry]
  1226 | D:2      | Reached XP level 3. HP: 10/27 MP: 3/3
  1462 | D:2      | Reached skill level 1 in Armour
  1462 | D:2      | Gained mutation: You have large cloven feet. [demonic
                  | ancestry]
  1462 | D:2      | Reached XP level 4. HP: 26/33 MP: 4/4
  1592 | D:2      | Noticed Sigmund
  1598 | D:2      | Noticed Terence
  1606 | D:2      | Slain by Sigmund

Illustrated notes

Levels and vault maps discovered:
D:1:      roderic_dead_forest, layout_rooms, ebering_ecumenical_altar_petrified,
          serial_corexii_hall, corexii_hall_statues_x, corexii_hall_statues_l
D:2:      layout_basic, uniq_natasha, uniq_terence, uniq_crazy_yiuf_cottage,
          uniq_robin, uniq_sigmund

Skill      XL: |  1  2  3 |
---------------+----------+-----
Dodging        | 3 |  3.4
Long Blades    | 3 |  3.5
Armour         | 1 |  1.2
Fighting       | |  2.2
Throwing       | |  1.8
Stealth        | |  0.1

Action                   |  1- 3 |  4- 6 || total
-------------------------+-------+-------++-------
Melee: Long sword        |    68 |     7 ||    75
       Kick              |       |     4 ||     4
 Stab: Sleeping          |     1 |       ||     1
Armor: Leather armour    |    31 |     2 ||    33
Dodge: Dodged            |    57 |     4 ||    61

Table legend: (Time is in decaauts)
 A = Elapsed time spent in this place.
 B = Non-inter-level travel time spent in this place.
 C = Inter-level travel time spent in this place.
 D = Time resting spent in this place.
 E = Time spent auto-exploring this place.
 F = Levels seen in this place.
 G = Mean time per level.
                   A        B        C        D        E       F      G
               +--------+--------+--------+--------+--------+-----+--------+
         Total |   1629 |   1629 |      0 |    175 |   1177 |   2 |  814.5 |
       Dungeon |   1629 |   1629 |      0 |    175 |   1177 |   2 |  814.5 |
               +--------+--------+--------+--------+--------+-----+--------+

Top non-repeatable levels by time:
     D:1: 1128 daAuts
     D:2: 501 daAuts
